 Dungeon Crawl Stone Soup version 0.26.1-11-gd32895ea62 (webtiles) character file.

Game seed: 15518108481791494187

31 H0rd4k the Insei (level 3, -12/23 HPs)
             Began as an Octopode Transmuter on June 17, 2021.
             Killed by divine providence
             ... invoked by an orc priest
              (16 damage)
             ... on level 2 of the Dungeon.
             The game lasted 00:01:00 (1611 turns).

H0rd4k the Insei (Octopode Transmuter)              Turns: 1611, Time: 00:01:01

Health: -12/23     AC:  1    Str:  9    XL:     3   Next: 22%
Magic:  6/6        EV: 13    Int: 16    God:
Gold:   16         SH:  0    Dex: 12    Spells: 2/6 levels left

rFire    . . .     SeeInvis .     - Unarmed
rCold    . . .     Faith    .   (no shield)
rNeg     . . .     Spirit   .   (helmet restricted)
rPois    .         Reflect  .   (no amulet)
rElec    .         Harm     .   (no ring)
rCorr    .         Rampage  .   (no ring)
Will     .....                  (no ring)
Stlth    ++........             (no ring)
HPRegen  0.07/turn              (no ring)
MPRegen  0.10/turn              (no ring)
                                (no ring)
                                (no ring)

@: no status effects
A: almost no armour, stealthy swim, amphibious, 8 rings, constrict 8, camouflage
1, gelatinous body 1
a: no special abilities


You were on level 2 of the Dungeon.
You visited 1 branch of the dungeon, and saw 2 of its levels.

You collected 16 gold pieces.

Inventory:

Scrolls
 c - a scroll of identify {unknown}
 d - a scroll of remove curse {unknown}
Potions
 a - a potion of curing {unknown}
 b - a potion of might {unknown}
 e - a potion of berserk rage {unknown}


   Skills:
 + Level 1.0 Fighting
 + Level 2.2 Dodging
 + Level 3.7 Unarmed Combat
 * Level 2.3 Spellcasting
 * Level 2.1 Transmutations
 * Level 0.1 Poison Magic


You had 2 spell levels left.
You knew the following spells:

 Your Spells              Type           Power        Failure   Level
a - Beastly Appendage     Tmut           16%          9%          1
b - Spider Form           Tmut/Pois      2%           36%         3

Your spell library contained the following spells:

 Spells                   Type           Power        Failure   Level
 Wereblood                Tmut           8%           13%         2
 Ice Form                 Ice/Tmut       5%           78%         4
 Blade Hands              Tmut           4%           93%         5


Dungeon Overview and Level Annotations

Branches:
Dungeon (2/15)

Altars:


Innate Abilities, Weirdness & Mutations

You cannot wear most types of armour.
You are very stealthy in the water. (Stealth+)
You are amphibious.
You can wear up to eight rings at the same time.
You can use your tentacles to constrict eight enemies at once.
Your skin changes colour to match your surroundings (Stealth+).
Your rubbery body absorbs attacks. (AC +1, EV +1)


Message History

An orc is wielding a +0 short sword of draining.
The orc shouts!
An orc priest comes into view. It is wielding a +0 flail.
The quokka bites you.
There are monsters nearby!
The orc priest shouts!
The orc wizard shouts!
The orc shouts!
You tentacle-slap the quokka. You grab the quokka.
The quokka is almost dead.
You constrict the quokka.
You kill the quokka!
There are monsters nearby!
The orc priest calls down the wrath of Beogh upon you.
Beogh smites you!
Ouch! That really hurt!
* * * LOW HITPOINT WARNING * * *
A bat comes into view.
The orc priest invokes the aid of Beogh against you.
Beogh smites you!
Ouch! That really hurt!
You die...

#.......#..#.#
#.8...8.#..#.#
#.......#..#.#
#.....o.#..#.#
#.......#..#)# #
#.8.oo8.#..#.#.#
#.#...o...#.b..#.#
#.....o.....<..#.#
###.†.@...##...#.#
####.#####.....#####
#.# #.#........ #.#
#.#>.##.###
#.#####.......#
#.......#..####
#....#.......#
####.#..######
#)....##


You could see an orc priest, an orc wizard, 3 orcs and a bat.

Vanquished Creatures
  2 leopard geckos
  3 goblins (D:1)
  6 hobgoblins
  A quokka (D:2)
  A ball python (D:1)
  5 bats (D:1)
  A frilled lizard (D:1)
  5 kobolds
  4 rats
28 creatures vanquished.

Notes
Turn   | Place    | Note
-------+----------+-------------------------------------------
     0 | D:1      | H0rd4k the Octopode Transmuter began the quest for the Orb.
     0 | D:1      | Reached XP level 1. HP: 13/13 MP: 3/3
   267 | D:1      | Reached XP level 2. HP: 5/18 MP: 5/5
  1287 | D:1      | Reached XP level 3. HP: 19/23 MP: 6/6
  1397 | D:1      | Learned a level 3 spell: Spider Form
  1611 | D:2      | Killed from afar by an orc priest

Illustrated notes

Levels and vault maps discovered:
D:1:      dpeg_arrival_long_road, layout_basic
D:2:      cheibrodos_pilgrimage, layout_basic, uniq_sigmund

Action                   || total
-------------------------++-------
Melee: Unarmed           ||    60
       Constrict         ||    17
       Tentacles         ||     7
       Punch             ||     1
 Stab: Sleeping          ||     4
Armor: Skin              ||     3
Dodge: Dodged            ||    39
